 Dungeon Crawl Stone Soup version 0.22-a0-352-gc608dd7 (webtiles) character file.

137032 esc the Basher (level 16, -5/141 HPs)
             Began as a Demigod Artificer on Apr 14, 2018.
             Slain by a demonic crawler (8 damage)
             ... on level 1 of the Spider Nest.
             The game lasted 02:36:10 (42000 turns).

esc the Basher (Demigod Artificer)                 Turns: 42000, Time: 02:36:10

Health: -5/141     AC: 26    Str: 24    XL:     16   Next: 18%
Magic:  0/30       EV: 15    Int: 19    God:
Gold:   1220       SH:  0    Dex: 25    Spells: 15/15 levels left

rFire    . . .     SeeInvis +   z - +1 dire flail (crush)
rCold    . . .     Gourm    .   (shield currently unavailable)
rNeg     . . .     Faith    .   L - +2 plate armour {MR+}
rPois    +         Spirit   +   G - +2 hat {SInv}
rElec    .         Reflect  .   U - +2 cloak of the Thief {+Fog Slay-2 SInv Stlth+}
rCorr    .         Harm     .   e - +2 pair of gloves {Dex+3}
MR       ++...                  (no boots)
Stlth    ..........             C - amulet of guardian spirit {Spirit}
HPRegen  0.33/turn              P - +5 ring of evasion
MPRegen  0.22/turn              R - ring of Jotitar {+Fly rPois Str+5 Int+4}

@: very slightly contaminated
A: high mp 1
a: Evoke Fog, Evoke Flight


You were on level 1 of the Spider Nest.
You were not hungry.

You visited 4 branches of the dungeon, and saw 24 of its levels.
You also visited: Ice Cave and Volcano.

You collected 2743 gold pieces.
You spent 1523 gold pieces at shops.

Inventory:

Hand Weapons
 j - a +1 great mace
   (You took it off an orc knight on level 2 of the Orcish Mines)
 z - a +1 dire flail of crushing (weapon)
   (You took it off an orc warrior on level 2 of the Orcish Mines)
 I - a +3 dire flail
   (You took it off a wight on level 8 of the Dungeon)
Missiles
 l - 3 throwing nets (quivered) {=f, !d}
 u - 6 silver tomahawks
Armour
 e - a +2 pair of gloves of dexterity (worn)
   (You found it on level 15 of the Dungeon)
 G - a +2 hat of see invisible (worn)
   (You found it on level 1 of the Lair of Beasts)
 L - a +2 plate armour of magic resistance (worn)
   (You took it off an orc knight on level 2 of the Orcish Mines)
 U - the +2 cloak of the Thief (worn) {+Fog Slay-2 SInv Stlth+}
   (You found it on level 14 of the Dungeon)

   It affects your accuracy and damage with ranged weapons and melee attacks
   (-2).
   It lets you see invisible.
   It makes you more stealthy.
Jewellery
 q - an uncursed ring of protection from cold {rC+, !d}
   (You found it on level 1 of the Dungeon)
 s - an uncursed ring of protection from magic {MR+, !d}
   (You found it on level 5 of the Dungeon)
 C - an amulet of guardian spirit (around neck) {Spirit}
   (You found it on level 3 of the Dungeon)
 F - an uncursed ring of protection from fire {rF+, !d}
   (You found it on level 4 of the Lair of Beasts)
 P - a +5 ring of evasion (left hand)
   (You found it on level 4 of the Lair of Beasts)
 R - the ring of Jotitar (right hand) {+Fly rPois Str+5 Int+4}
   (You found it on level 6 of the Lair of Beasts)

   [ring of flight]

   It affects your strength (+5).
   It affects your intelligence (+4).
   It protects you from poison.
   It lets you fly.
Wands
 c - a wand of flame (69)
 o - a wand of acid (2)
   (You bought it in a shop on level 5 of the Dungeon)
 D - a wand of iceblast (28)
   (You found it on level 4 of the Lair of Beasts)
 H - a wand of polymorph (75)
   (You took it off an orc on level 8 of the Dungeon)
 M - a wand of paralysis (26)
   (You found it on level 11 of the Dungeon)
 Q - a wand of random effects (32)
   (You found it on level 6 of the Lair of Beasts)
Scrolls
 a - 2 scrolls of blinking {!r}
 i - 3 scrolls of immolation {!r}
 r - 11 scrolls of teleportation
 y - 3 scrolls of enchant weapon
 A - 3 scrolls of amnesia
 B - a scroll of enchant armour
 E - 3 scrolls of fear
 J - 3 scrolls of remove curse
 N - 2 scrolls of holy word {!r}
 T - 5 scrolls of identify
Potions
 b - 5 potions of heal wounds
 d - a potion of cancellation
 g - a potion of ambrosia
 k - 7 potions of haste
 m - 5 potions of flight
 n - a potion of magic
 p - 2 potions of mutation {!q}
 t - 3 potions of agility
 v - 3 potions of brilliance
 w - 2 potions of might
 x - 8 potions of lignification {!q}
 K - 6 potions of curing
 O - a potion of berserk rage {!q}
Miscellaneous
 S - a sack of spiders
Comestibles
 f - 18 rations
 h - 4 chunks of flesh {@w0}


   Skills:
 + Level 12.8 Fighting
   Level 0.8 Short Blades
 + Level 14.7 Maces & Flails
 + Level 12.4 Armour
 - Level 3.6 Dodging
 - Level 0.8 Stealth
 + Level 12.7 Evocations


You had 15 spell levels left.
You didn't know any spells.

Dungeon Overview and Level Annotations

Branches:
Dungeon (15/15)            Temple (0/1) D:6            Lair (6/6) D:10
 Shoals (0/4) Lair:2       Spider (1/4) Lair:3        Slime (0/5) Lair:5
    Orc (2/2) D:12            Elf (0/3) Orc:2        Vaults (0/5) D:13
 Depths (0/5) D:15

Shops:
D:5 }   D:6 %   Orc:2 !(**[

Annotations:
D:11 1 exclusion
Lair:1 Gastronok
Lair:6 exclusion: 4 oklob plants
Spider:1 Nikola


Innate Abilities, Weirdness & Mutations

You have an increased reservoir of magic. (+10% MP)


Message History

You are no longer poisoned.
You take 14 damage, and have 107/141 hp.
MP restored: 30 You start resting.
Health restored: 141 You see here a scroll of noise {!r}.
You now have 1220 gold pieces (gained 18).
Nikola the Mad Inventor comes into view.
He is wielding a rapier of electrocution.
Nikola shouts!
Nikola casts a spell at you. The zap hits you!
You take 8 damage, and have 133/141 hp.
You now have 29/30 mp.
Okay, then.
Search for what [? for help]? relec Can't find anything matching that.
Aim: Nikola, wielding a rapier of electrocution, wearing a runed cloak and wearing a pair of gloves (chance to defeat MR: 5%)
Okay, then.
Okay, then.
Okay, then.
Okay, then.
Aim: Nikola, wielding a rapier of electrocution, wearing a runed cloak and wearing a pair of gloves (chance to defeat MR: 5%)
Okay, then.
Okay, then.
Quiver which item? (- for none, * to show all) (? for menu, Esc to quit)
Quivering
l - 3 throwing nets {=f, !d} for throwing.
Throwing (i - inventory. (/) - cycle)
l - 3 throwing nets (quivered)
{=f, !d}
Aim: Nikola, wielding a rapier of electrocution, wearing a runed cloak and wearing a pair of gloves
Okay, then.
Okay, then.
MP restored: 30
There is a crawl-hole back to the Lair, spattered with blood here.
Aim: Nikola, wielding a rapier of electrocution, wearing a runed cloak and wearing a pair of gloves (chance to defeat MR: 5%) Nikola resists with almost no effort.
Nikola mumbles some strange words.
Nikola blinks!
You start resting.
Aim: Nikola, wielding a rapier of electrocution, wearing a runed cloak and wearing a pair of gloves (chance to defeat MR: 5%) Nikola resists with almost no effort.
Aim: Nikola, wielding a rapier of electrocution, wearing a runed cloak and wearing a pair of gloves (chance to defeat MR: 5%) Nikola resists with almost no effort.
Aim: Nikola, wielding a rapier of electrocution, wearing a runed cloak and wearing a pair of gloves (chance to defeat MR: 5%) Nikola resists with almost no effort.
Aim: Nikola, wielding a rapier of electrocution, wearing a runed cloak and wearing a pair of gloves (chance to defeat MR: 5%) Nikola resists with almost no effort.
Aim: Nikola, wielding a rapier of electrocution, wearing a runed cloak and wearing a pair of gloves (chance to defeat MR: 5%) Nikola resists with almost no effort.
Aim: Nikola, wielding a rapier of electrocution, wearing a runed cloak and wearing a pair of gloves The bolt of acid hits Nikola.
Nikola is splashed with acid.
The acid corrodes Nikola!
You closely miss Nikola. Nikola hits you but does no damage.
You thump Nikola! You hit Nikola. Nikola hits you but does no damage.
You hit Nikola. You barely miss Nikola. Nikola closely misses you.
You completely miss Nikola.
Nikola gestures wildly while chanting.
You hear a mighty clap of thunder!
The lightning arc hits you!
The lightning arc hits Nikola.
The lightning arc hits you!
The lightning arc hits Nikola.
The lightning arc hits you!
You hear an angry hiss. x4; You hear a hideous shriek!
You hear an angry hiss. x2
You hear a hideous shriek!
You hear an angry hiss. x2
You take 53 damage, and have 87/141 hp.
MASSIVE DAMAGE!!
You now have 17/30 mp.
Aim: Nikola, wielding a rapier of electrocution, wearing a runed cloak and wearing a pair of gloves (moderately wounded, covered in acid)
The bolt of acid hits Nikola.
Nikola is splashed with acid.
Nikola mumbles some strange words.
You hear a mighty clap of thunder!
The lightning arc hits you!
The lightning arc hits Nikola.
The lightning arc hits you!
The lightning arc hits Nikola.
The lightning arc hits you!
* * * LOW HITPOINT WARNING * * *
You take 60 damage, and have 27/141 hp.
MASSIVE DAMAGE!!
You now have 5/30 mp.
Okay, then.
Okay, then.
Okay, then.
Really read
a - 4 scrolls of blinking {!r}?
Blink to where?
You are very lightly contaminated with residual magic.
As you read the scroll of blinking {!r}, it crumbles to dust.
Nikola casts a spell.
You hear a mighty clap of thunder!
The lightning arc hits you!
* * * LOW HITPOINT WARNING * * *
The lightning arc grounds out.
You hear an angry hiss.
You take 24 damage, and have 3/141 hp.
You now have 0/30 mp.
Okay, then.
Really read
a - 3 scrolls of blinking {!r}?
Blink to where?
As you read the scroll of blinking {!r}, it crumbles to dust.
A jumping spider and a demonic crawler come into view.
The demonic crawler gives a hideous shriek!
The jumping spider hisses angrily.
The demonic crawler completely misses you.
The demonic crawler hits you!
You die...

#... #.s. ..... ###
..... #.. ........##
.[....#..#
........s###
##@...#...#....
#.....#.....#.....
##................
..^...............#
.............#.....
...#......>#.....#...
#.........?........#
.........#ยง).....#
#...............##


You could see a demonic crawler and a jumping spider.

Vanquished Creatures
  Kirke (D:12)
  Nessos (D:13)
  Josephine (Lair:4)
  A fire dragon (D:15)
  4 vault guards (D:13)
  An ice dragon (D:15)
  A catoblepas (Lair:6)
  7 hydras
  5 two-headed ogres
  2 centaur warriors
  A deep troll shaman (Lair:6)
  10 death yaks
  The ghost of TheNamelessOne the Cleaver, a novice DsCK of Xom (D:10)
  2 tengu warriors (D:14)
  Urug (Lair:5)
  5 orc high priests (Orc:2)
  2 deep elf knights (D:14)
  8 skeletal warriors
  3 unseen horrors
  A wizard (D:15)
  A deep elf archer (D:15)
  Pikel (D:4)
  11 orc knights
  4 deep elf magi
  14 ugly things
  A moth of wrath (Spider:1)
  3 centaur zombies
  6 cyclopes
  4 elephants (Lair:6)
  3 black mambas
  2 gargoyles (D:14)
  3 ice statues (IceCv)
  11 spiny frogs
  A kobold demonologist (D:13)
  A rime drake (Lair:3)
  4 komodo dragons
  An efreet (D:13)
  4 jumping spiders
  3 tengu conjurers
  3 meliai (D:14)
  4 trolls
  8 polar bears
  A hornet (D:8)
  10 blink frogs
  14 hippogriffs
  5 slime creatures
  8 redbacks
  A vampire (D:15)
  2 tarantellas
  5 wraiths
  A water elemental (D:14)
  20 yaks
  3 wyverns
  4 hogs (D:12)
  3 hungry ghosts
  A human (shapeshifter) (D:15)
  4 basilisks (Lair:3)
  3 vampire mosquitoes (D:14)
  Menkaure (D:7)
  4 wargs
  A soldier ant (D:13)
  10 water moccasins
  2 acid dragons
  11 porcupines
  2 hell hounds
  44 orc warriors
  An eye of draining (D:9)
  8 ice beasts
  A phantom (D:9)
  3 black bears
  The ghost of khargal the Slasher, an amateur MiMo (D:3)
  6 sky beasts
  7 ogres
  2 necrophages
  21 wolves
  13 centaurs
  12 crocodiles
  Blork the orc (D:4)
  9 bullfrogs
  2 gnoll sergeants
  4 wyvern skeletons
  A scorpion (D:9)
  3 killer bees
  7 wights
  An electric eel (Lair:5)
  7 crimson imps
  A wyvern simulacrum (D:10)
  A bullfrog zombie (D:10)
  32 orc priests
  8 hounds
  A bullfrog skeleton (D:11)
  5 jellies
  23 orc wizards
  6 iguanas
  6 centaur skeletons
  4 worker ants
  A bullfrog simulacrum (D:10)
  A hound zombie (D:11)
  2 hound skeletons (D:5)
  A worker ant zombie (D:9)
  Robin (D:3)
  20 adders
  12 gnolls
  A hound simulacrum (D:10)
  3 shadow imps
  12 white imps (Lair:5)
  An ufetubus (D:10)
  2 oozes
  An adder skeleton (D:8)
  4 worms
  2 dart slugs
  A leopard gecko (D:2)
  91 orcs
  10 giant cockroaches
  14 goblins
  10 hobgoblins
  5 jackals
  2 quokkas
  2 ball pythons
  7 bats
  4 frilled lizards
  10 kobolds
  A quokka zombie (D:6)
  5 rats
  A bush (Lair:2)
735 creatures vanquished.

Vanquished Creatures (collateral kills)
  A stone giant (D:11)
  A slave (D:4)
  An ogre (D:9)
  A crocodile (Lair:5)
  An orc priest (Orc:2)
  An iguana (D:9)
  2 orcs (Orc:2)
  3 goblins (D:3)
  2 hobgoblins (D:3)
  A jackal (D:3)
  A quokka (D:3)
15 creatures vanquished.

Vanquished Creatures (others)
  An orc knight (Orc:2)
  3 humans (D:12)
  An ogre (D:12)
  An orc wizard (D:12)
  A worker ant (D:12)
  9 orcs
  12 fungi
  9 plants
37 creatures vanquished.

Grand Total: 787 creatures vanquished

Notes
Turn   | Place    | Note
-------+----------+-------------------------------------------
     0 | D:1      | esc the Demigod Artificer began the quest for the Orb.
     0 | D:1      | Reached XP level 1. HP: 15/15 MP: 5/5
    47 | D:1      | Reached skill level 1 in Fighting
   358 | D:1      | Reached skill level 2 in Fighting
   406 | D:1      | Reached XP level 2. HP: 22/24 MP: 6/6
  1116 | D:2      | Reached XP level 3. HP: 28/30 MP: 7/7
  1243 | D:2      | Reached skill level 1 in Maces & Flails
  1335 | D:2      | Found a glowing silver altar of Zin.
  1336 | D:2      | Found an opulent altar of Gozag.
  1440 | D:2      | Reached skill level 2 in Maces & Flails
  1440 | D:2      | Reached XP level 4. HP: 22/37 MP: 8/8
  1836 | D:2      | Found a hazy altar of Hepliaklqana.
  2041 | D:3      | Reached skill level 3 in Maces & Flails
  2165 | D:3      | HP: 6/37 [orc/war axe of electrocution (20)]
  2759 | D:4      | Reached XP level 5. HP: 41/44 MP: 9/9
  2789 | D:4      | Found an iron altar of Okawaru.
  2825 | D:4      | Found a blossoming altar of Fedhas.
  2921 | D:4      | Noticed an ogre
  2923 | D:4      | Noticed a slave
  3111 | D:3      | Noticed khargal's ghost (amateur MiMo)
  3169 | D:4      | Reached skill level 4 in Maces & Flails
  3383 | D:4      | Noticed Blork the orc
  3427 | D:4      | Killed a slave
  3438 | D:4      | Found a bloodstained altar of Trog.
  3448 | D:4      | Killed Blork the orc
  3456 | D:4      | Noticed Pikel
  3457 | D:4      | Noticed a slave
  3463 | D:4      | Killed Pikel
  3463 | D:4      | Reached skill level 6 in Maces & Flails
  3463 | D:4      | Reached XP level 6. HP: 45/50 MP: 10/10
  3463 | D:4      | Reached XP level 7. HP: 51/56 MP: 11/11
  3513 | D:4      | Reached skill level 7 in Maces & Flails
  3523 | D:4      | Found a hide-covered altar of Uskayaw.
  3727 | D:4      | HP: 14/56 [poisoned by an orc wizard]
  4035 | D:3      | Reached skill level 3 in Fighting
  4073 | D:3      | Reached skill level 2 in Dodging
  4348 | D:3      | Noticed Robin
  4380 | D:3      | Killed Robin
  4797 | D:3      | HP: 14/57 [khargal's ghost (6)]
  4800 | D:3      | HP: 5/57 [khargal's ghost (4)]
  4808 | D:3      | Killed khargal's ghost
  4808 | D:3      | Reached skill level 3 in Evocations
  4809 | D:3      | HP: 5/85 [adder (1)]
  5214 | D:3      | Found an ornate altar of the Wu Jian Council.
  5236 | D:3      | Reached skill level 1 in Armour
  5422 | D:5      | Entered Level 5 of the Dungeon
  5719 | D:5      | Reached XP level 8. HP: 56/63 MP: 10/13
  6187 | D:5      | Found Pextyum's Gadget Boutique.
  6195 | D:5      | Bought a wand of paralysis (7) for 108 gold pieces
  6350 | D:5      | Reached skill level 2 in Armour
  6592 | D:5      | Reached skill level 3 in Dodging
  6637 | D:6      | Found a sparkling altar of Nemelex Xobeh.
  6700 | D:6      | Found a shadowy altar of Dithmenos.
  6822 | D:6      | Found a staircase to the Ecumenical Temple.
  6869 | D:6      | Reached skill level 4 in Fighting
  6933 | D:6      | Found Emacut Bycu's Food Shoppe.
  7246 | D:6      | Reached skill level 4 in Evocations
  7362 | D:6      | Found a burning altar of Makhleb.
  7362 | D:6      | Found a stormy altar of Qazlal.
  7638 | D:7      | Reached skill level 8 in Maces & Flails
  7638 | D:7      | Reached skill level 3 in Armour
  7840 | D:7      | Noticed Menkaure
  7973 | D:7      | Killed Menkaure
  8477 | D:8      | Found an iron altar of Okawaru.
  8517 | D:8      | Noticed a hornet
  8526 | D:8      | Paralysed by a hornet for 3 turns
  8535 | D:8      | Killed a hornet
  8535 | D:8      | Reached XP level 9. HP: 25/73 MP: 7/15
  8857 | D:8      | Found a shattered altar of Ashenzari.
  9024 | D:8      | Reached skill level 5 in Fighting
  9035 | D:8      | HP: 18/74 [something (7)]
  9374 | D:8      | Reached skill level 4 in Armour
  9383 | D:8      | Reached skill level 5 in Evocations
  9483 | D:8      | Found a sparkling altar of Nemelex Xobeh.
  9867 | D:9      | Noticed a two-headed ogre
  9914 | D:9      | HP: 14/74 [two-headed ogre/giant spiked club (10)]
 10205 | D:9      | Found a glowing golden altar of the Shining One.
 10347 | D:9      | Found a sacrificial altar of Ru.
 10737 | D:9      | Noticed a deep elf mage
 10750 | D:9      | Killed a deep elf mage
 10776 | D:9      | Killed a two-headed ogre
 10776 | D:9      | Reached skill level 6 in Fighting
 10776 | D:9      | Reached skill level 9 in Maces & Flails
 10776 | D:9      | Reached skill level 5 in Armour
 10776 | D:9      | Reached skill level 6 in Evocations
 10776 | D:9      | Reached XP level 10. HP: 83/83 MP: 17/17
 10884 | D:10     | Entered Level 10 of the Dungeon
 10911 | D:10     | Found a staircase to the Lair.
 11034 | D:10     | Noticed TheNamelessOne's ghost (novice DsCK)
 12128 | D:10     | Killed TheNamelessOne's ghost
 12206 | D:10     | Reached skill level 6 in Armour
 12269 | D:10     | Reached skill level 7 in Fighting
 13244 | Lair:1   | Entered Level 1 of the Lair of Beasts
 13352 | Lair:1   | Reached skill level 7 in Evocations
 13475 | Lair:1   | Noticed a five-headed hydra
 13493 | Lair:1   | Killed a five-headed hydra
 13802 | Lair:1   | Noticed Gastronok
 13810 | Lair:1   | Noticed Gastronok
 13810 | Lair:1   | Gastronok changed into Gastronok the acid blob
 14322 | Lair:1   | Found a basalt altar of Yredelemnul.
 14395 | Lair:1   | Reached XP level 11. HP: 47/92 MP: 11/20
 14644 | Lair:1   | Reached skill level 10 in Maces & Flails
 14989 | Lair:2   | Reached skill level 7 in Armour
 15491 | Lair:2   | Found a staircase to the Shoals.
 15979 | Lair:2   | Reached skill level 8 in Fighting
 16031 | Lair:3   | Found a labyrinth entrance.
 16260 | Lair:2   | Reached skill level 8 in Evocations
 17232 | Lair:3   | Found a hole to the Spider Nest.
 17596 | Lair:3   | Reached skill level 8 in Armour
 17957 | Lair:3   | Noticed Harold
 17968 | Lair:3   | Noticed Harold
 17968 | Lair:3   | Harold changed into Harold the hippogriff
 17975 | Lair:3   | Killed Harold the hippogriff
 18844 | Lair:4   | Noticed Josephine
 18887 | Lair:4   | Reached skill level 9 in Fighting
 19006 | Lair:4   | Reached skill level 11 in Maces & Flails
 19006 | Lair:4   | Reached XP level 12. HP: 103/104 MP: 22/22
 19292 | Lair:4   | Reached skill level 9 in Evocations
 19354 | Lair:4   | Noticed a five-headed hydra
 19404 | Lair:4   | Killed a five-headed hydra
 19491 | Lair:4   | Killed Josephine
 19660 | Lair:4   | Noticed a seven-headed hydra
 19670 | Lair:4   | Killed a seven-headed hydra
 20083 | Lair:5   | Noticed Urug
 20129 | Lair:5   | Killed Urug
 20392 | Lair:5   | Found a frozen archway.
 20413 | IceCv    | Entered an ice cave
 20438 | IceCv    | Reached skill level 9 in Armour
 22546 | IceCv    | Got a twisted triple sword
 22639 | Lair:5   | Found a staircase to the Slime Pits.
 23217 | Lair:6   | Entered Level 6 of the Lair of Beasts
 23513 | Lair:6   | Noticed an eight-headed hydra
 23614 | Lair:6   | Found a sacrificial altar of Ru.
 23636 | Lair:6   | Noticed a seven-headed hydra
 23667 | Lair:6   | Killed a seven-headed hydra
 23667 | Lair:6   | Reached skill level 10 in Fighting
 23975 | Lair:6   | Reached skill level 10 in Evocations
 24005 | Lair:6   | Noticed an eight-headed hydra
 24170 | Lair:6   | Killed an eight-headed hydra
 24502 | Lair:6   | Killed an eight-headed hydra
 24502 | Lair:6   | Reached XP level 13. HP: 113/113 MP: 24/24
 24708 | Lair:6   | Reached skill level 12 in Maces & Flails
 25437 | Lair:5   | Reached skill level 10 in Armour
 26351 | Lair:6   | Noticed a dire elephant
 26907 | Lair:6   | Got a pitted silver ring
 26922 | Lair:6   | Identified the ring of Jotitar {+Fly rPois Str+5 Int+4} (You found it on level 6 of the Lair of Beasts)
 27655 | D:11     | Reached skill level 11 in Fighting
 28184 | D:11     | Reached skill level 11 in Evocations
 28197 | D:11     | Noticed a stone giant
 28297 | D:11     | Killed a stone giant
 28875 | D:12     | Noticed Kirke
 28885 | D:12     | Noticed a sphinx
 28891 | D:12     | Killed Kirke
 29620 | D:12     | Reached XP level 14. HP: 79/124 MP: 16/26
 29975 | D:12     | Found a staircase to the Orcish Mines.
 30121 | D:12     | Reached skill level 11 in Armour
 30552 | Orc:1    | Entered Level 1 of the Orcish Mines
 30599 | Orc:1    | Found a roughly hewn altar of Beogh.
 30691 | Orc:1    | Found a dark tunnel.
 30705 | Volcano  | Entered a volcano
 30823 | Volcano  | oh
 31239 | Orc:2    | Entered Level 2 of the Orcish Mines
 31345 | Orc:1    | Reached skill level 13 in Maces & Flails
 32957 | Orc:2    | Found Senkuwah's Antique Armour Emporium.
 33347 | Orc:2    | Found a staircase to the Elven Halls.
 35985 | Orc:2    | Reached skill level 12 in Fighting
 36041 | Orc:2    | Found Colaest's Assorted Antiques.
 36044 | Orc:2    | Found Kotzieb's Antique Weapon Emporium.
 36045 | Orc:2    | Found Ittalicw's Distillery.
 36046 | Orc:2    | Found Ughiunec's Assorted Antiques.
 36053 | Orc:2    | Bought a wand of paralysis (15) for 70 gold pieces
 36100 | Orc:2    | Bought a pair of heavily runed gloves for 275 gold pieces
 36100 | Orc:2    | Identified the cursed +0 pair of gloves "Teafea" {Int+2} (You bought it in a shop on level 2 of the Orcish Mines)
 36154 | Orc:2    | Bought a potion of experience for 550 gold pieces
 36154 | Orc:2    | Bought a potion of curing for 33 gold pieces
 36154 | Orc:2    | Bought a potion of curing for 33 gold pieces
 36154 | Orc:2    | Reached skill level 14 in Maces & Flails
 36154 | Orc:2    | Reached XP level 15. HP: 132/132 MP: 28/28
 36158 | Orc:2    | Bought a white potion for 18 gold pieces
 36159 | Orc:2    | Bought a scroll of identify for 70 gold pieces
 36167 | Orc:2    | Bought 2 scrolls of teleportation for 126 gold pieces
 36419 | D:5      | Bought a wand of acid (6) for 240 gold pieces
 36894 | D:13     | Reached skill level 12 in Evocations
 36897 | D:13     | Noticed Nessos
 37591 | D:13     | Killed Nessos
 37710 | D:13     | Found a gate to the Vaults.
 38023 | D:14     | Identified a scroll of acquirement
 38440 | D:14     | Found the +2 cloak of the Thief {+Fog Slay-2 SInv Stlth+}
 38806 | D:14     | Reached skill level 12 in Armour
 39196 | D:15     | Entered Level 15 of the Dungeon
 40169 | D:15     | Reached XP level 16. HP: 141/141 MP: 29/29
 41398 | D:15     | Found a staircase to the Depths.
 41687 | Spider:1 | Entered Level 1 of the Spider Nest
 41974 | Spider:1 | Noticed Nikola
 41975 | Spider:1 | esc: ??tree form
 41975 | Spider:1 | beem: tree form[1/3]: Immobile form with -Tele, +50% HP, 20 + XL/2 AC, minimal EV, rN+++, rPois, torment immunity, and gives +12 base UC damage. Unlike statue form, tree form does NOT give rot or poison immunity.
 41998 | Spider:1 | HP: 27/141 [Nikola/chain lightning (21)]
 41999 | Spider:1 | HP: 3/141 [Nikola/chain lightning (24)]
 42000 | Spider:1 | Slain by a demonic crawler

Vault maps used:
D:1:      dpeg_arrival_round_c, st_stairs_10
D:2:      grunt_temple_overflow_gold_and_silver, lemuel_coloured_pillars_altar
D:3:      kennysheep_goblin_castle, marbit_many_paths, first_ration,
          minmay_distorted
D:4:      kennysheep_little_box, eat_drink_and_be_merry_uskayaw,
          nicolae_overflow_crystal_walls, fedhas_altar_4, uniq_pikel,
          uniq_blork_the_orc
D:5:      serial_shops, shop
D:6:      overflow_temple_1_default, old_standard_altar,
          amethyst_overflow_temple_binary, minmay_temple_entry_statues_pillars,
          serial_shops, shop
D:7:      serial_bayou_pond_c, uniq_menkaure
D:8:      kennysheep_mini, basic_altar, grunt_ogre_cave, okawaru_trees_1
D:9:      nicolae_ru_the_path_less_chosen, lemuel_doored_altar,
          serial_bayou_pond_d, minivault_16, guppyfry_early_elven_hall
D:10:     minmay_lair_entry_lava, serial_ice, serial_ice_a, serial_ice_b,
          serial_ice_g, serial_ice_i
D:11:     minmay_tile_spiral, moated_statue
D:12:     erik_orc_3, uniq_kirke
D:13:     lightli_vaults_fourway_checkpoint, uniq_nessos
D:14:     hangedman_abyss_or_decor_stagger, serial_bayou_lagoon_a
D:15:     grunt_enter_depths_hoard
Lair:1:   basic_altar, uniq_gastronok
Lair:2:   elwin_shoals_entry_rocks, minmay_hedge_maze
Lair:3:   nicolae_spider_entry_tight_spaces, lab_entry_generic,
          kennysheep_basilisk_garden, uniq_harold
Lair:4:   grunt_megastairs_4, lemuel_fruit_tree, uniq_josephine
Lair:5:   nicolae_slime_entry_slimehenge, portal_ice_cave_entry_imps,
          gammafunk_lair_bear_cave, uniq_urug
Lair:6:   grunt_lair_end_beastmaster, basic_altar, dpeg_oklob_1
Spider:1: uniq_nikola
Orc:1:    nicolae_volcano_entry_lava_flow, basic_altar
Orc:2:    st_orc_pillars, serial_shops, shop_statue
IceCv:    ice_cave_statue_garden_chambered
Volcano:  volcano_caves

Skill      XL: |  1  2  3  4  5  6  7  8  9 10 11 12 13 14 15 |
---------------+----------------------------------------------+-----
Fighting       | 2 3 4 6 7 9 10 11 12 | 12.8
Maces & Flails | 2 3 6 7 8 9 11 12 14 | 14.7
Dodging        | 2 3 |  3.6
Evocations     | 3 4 6 7 8 10 11 12 | 12.7
Armour         | 1 3 5 6 8 9 10 11 12 | 12.4
Short Blades   | |  0.8
Stealth        | |  0.8

Action                   |  1- 3 |  4- 6 |  7- 9 | 10-12 | 13-15 | 16-18 || total
-------------------------+-------+-------+-------+-------+-------+-------++-------
Melee: Short sword       |    91 |       |       |       |       |       ||    91
       Whip              |    45 |    89 |   463 |  1175 |   493 |       ||  2265
       Dire flail        |       |       |    13 |       |  1307 |   169 ||  1489
 Abil: Evoke Fog         |       |       |       |       |     4 |     1 ||     5
Evoke: Wand              |     1 |     6 |    22 |    69 |    28 |    10 ||   136
       Sack of spiders   |       |       |       |       |     1 |       ||     1
  Use: Scroll            |       |     1 |    18 |     8 |     7 |     4 ||    38
       Potion            |       |       |     4 |     4 |     4 |       ||    12
 Stab: Sleeping          |     3 |       |     1 |       |       |       ||     4
       Paralysed         |       |       |    11 |     8 |     6 |       ||    25
       Betrayed ally     |       |       |       |     1 |     1 |       ||     2
       Distracted        |       |       |       |     1 |     3 |       ||     4
  Eat: Chunk             |     2 |     2 |    21 |    12 |    16 |     1 ||    54
       Ration            |       |     1 |     3 |     9 |    12 |     2 ||    27
Armor: Leather armour    |    36 |       |    23 |       |       |       ||    59
       Ring mail         |       |    21 |    75 |     3 |       |       ||    99
       Skin              |       |       |     8 |       |       |       ||     8
       Chain mail        |       |       |       |   449 |   282 |       ||   731
       Plate armour      |       |       |       |       |   157 |    64 ||   221
Dodge: Dodged            |    76 |    39 |   219 |   443 |   790 |    81 ||  1648

Table legend:
 A = Spawn XP
 B = Non-spawn XP
 C = Spawn XP percentage of total XP
 D = Spawn monster count
 E = Non-spawn monster count
 F = Spawn count percentage of total count
 G = Total turns spent on level
                    A         B        C        D         E        F      G
               +---------+---------+-------+---------+---------+-------+---------
         Total |       0 |  142865 |   0.0 |       0 |     749 |   0.0 | 42000
               +---------+---------+-------+---------+---------+-------+---------
           D:1 |       0 |      35 |   0.0 |       0 |      17 |   0.0 |  1077
           D:2 |       0 |      93 |   0.0 |       0 |      23 |   0.0 |  1153
           D:3 |       0 |     403 |   0.0 |       0 |      53 |   0.0 |  1977
           D:4 |       0 |     951 |   0.0 |       0 |      15 |   0.0 |  1364
           D:5 |       0 |     590 |   0.0 |       0 |      23 |   0.0 |  1445
           D:6 |       0 |     676 |   0.0 |       0 |      22 |   0.0 |   797
           D:7 |       0 |     440 |   0.0 |       0 |      12 |   0.0 |  1012
           D:8 |       0 |    1129 |   0.0 |       0 |      19 |   0.0 |  1700
           D:9 |       0 |    2502 |   0.0 |       0 |      14 |   0.0 |  1196
          D:10 |       0 |    3208 |   0.0 |       0 |      22 |   0.0 |  1791
          D:11 |       0 |    8250 |   0.0 |       0 |      37 |   0.0 |  1727
          D:12 |       0 |   12448 |   0.0 |       0 |      56 |   0.0 |  1785
          D:13 |       0 |    9830 |   0.0 |       0 |      30 |   0.0 |  1272
          D:14 |       0 |   17432 |   0.0 |       0 |      46 |   0.0 |  2655
          D:15 |       0 |   13364 |   0.0 |       0 |      27 |   0.0 |  1025
        Lair:1 |       0 |    3535 |   0.0 |       0 |      17 |   0.0 |  1526
        Lair:2 |       0 |    4408 |   0.0 |       0 |      18 |   0.0 |  1793
        Lair:3 |       0 |    8190 |   0.0 |       0 |      37 |   0.0 |  2082
        Lair:4 |       0 |    5302 |   0.0 |       0 |      14 |   0.0 |  1586
        Lair:5 |       0 |    8506 |   0.0 |       0 |      37 |   0.0 |  2120
        Lair:6 |       0 |   16938 |   0.0 |       0 |      45 |   0.0 |  2765
      Spider:1 |       0 |    1459 |   0.0 |       0 |       5 |   0.0 |   277
         Orc:1 |       0 |    3294 |   0.0 |       0 |      39 |   0.0 |  1372
         Orc:2 |       0 |   15758 |   0.0 |       0 |     109 |   0.0 |  4092
         IceCv |       0 |    3219 |   0.0 |       0 |      11 |   0.0 |  2164
       Volcano |       0 |     905 |   0.0 |       0 |       1 |   0.0 |   247
               +---------+---------+-------+---------+---------+-------+---------

Vault maps used:
D:1:      dpeg_arrival_round_c, st_stairs_10
D:2:      grunt_temple_overflow_gold_and_silver, lemuel_coloured_pillars_altar
D:3:      kennysheep_goblin_castle, marbit_many_paths, first_ration,
          minmay_distorted
D:4:      kennysheep_little_box, eat_drink_and_be_merry_uskayaw,
          nicolae_overflow_crystal_walls, fedhas_altar_4, uniq_pikel,
          uniq_blork_the_orc
D:5:      serial_shops, shop
D:6:      overflow_temple_1_default, old_standard_altar,
          amethyst_overflow_temple_binary, minmay_temple_entry_statues_pillars,
          serial_shops, shop
D:7:      serial_bayou_pond_c, uniq_menkaure
D:8:      kennysheep_mini, basic_altar, grunt_ogre_cave, okawaru_trees_1
D:9:      nicolae_ru_the_path_less_chosen, lemuel_doored_altar,
          serial_bayou_pond_d, minivault_16, guppyfry_early_elven_hall
D:10:     minmay_lair_entry_lava, serial_ice, serial_ice_a, serial_ice_b,
          serial_ice_g, serial_ice_i
D:11:     minmay_tile_spiral, moated_statue
D:12:     erik_orc_3, uniq_kirke
D:13:     lightli_vaults_fourway_checkpoint, uniq_nessos
D:14:     hangedman_abyss_or_decor_stagger, serial_bayou_lagoon_a
D:15:     grunt_enter_depths_hoard
Lair:1:   basic_altar, uniq_gastronok
Lair:2:   elwin_shoals_entry_rocks, minmay_hedge_maze
Lair:3:   nicolae_spider_entry_tight_spaces, lab_entry_generic,
          kennysheep_basilisk_garden, uniq_harold
Lair:4:   grunt_megastairs_4, lemuel_fruit_tree, uniq_josephine
Lair:5:   nicolae_slime_entry_slimehenge, portal_ice_cave_entry_imps,
          gammafunk_lair_bear_cave, uniq_urug
Lair:6:   grunt_lair_end_beastmaster, basic_altar, dpeg_oklob_1
Spider:1: uniq_nikola
Orc:1:    nicolae_volcano_entry_lava_flow, basic_altar
Orc:2:    st_orc_pillars, serial_shops, shop_statue
IceCv:    ice_cave_statue_garden_chambered
Volcano:  volcano_caves

Table legend:
 A = Turns spent in this place as a percentage of turns spent in the entire game.
 B = Non-inter-level travel turns spent in this place as a percentage of non-inter-level travel turns spent in the entire game.
 C = Inter-level travel turns spent in this place as a percentage of turns spent in this place.
 D = Turns resting spent in this place as a percentage of non-inter-level travel turns spent in this place.
 E = Turns spent auto-exploring this place as a percentage of non-inter-level travel turns spent in this place.
 F = Non-inter-level travel turns spent in this place divided by the number of levels of this place that you've seen.
                   A       B       C       D       E      F
               +-------+-------+-------+-------+-------+----------------------
         Total | 100.0 | 100.0 |   6.1 |  37.3 |  32.2 | 1516.3
       Dungeon |  52.3 |  51.5 |   7.6 |  33.1 |  39.0 | 1354.3
          Lair |  28.3 |  28.4 |   5.6 |  35.2 |  35.0 | 1867.8
   Spider Nest |   0.7 |   0.7 |   0.0 |  62.8 |   6.1 | 277.0
  Orcish Mines |  13.0 |  13.2 |   4.5 |  43.8 |  15.8 | 2608.0
      Ice Cave |   5.2 |   5.5 |   0.0 |  65.5 |   0.0 | 2164.0
       Volcano |   0.6 |   0.6 |   0.0 |  63.2 |   0.0 | 247.0
               +-------+-------+-------+-------+-------+----------------------

Table legend:
 A = Kills in this place as a percentage of kills in entire the game.
 B = Kills by you in this place as a percentage of kills by you in the entire game.
 C = Kills by friends in this place as a percentage of kills by friends in the entire game.
 D = Other kills in this place as a percentage of other kills in the entire game.
 E = Experience gained in this place as a percentage of experience gained in the entire game.
 F = Experience gained in this place divided by the number of levels of this place that you have seen.
                   A       B       C       D       E      F
               +-------+-------+-------+-------+-------+----------------------
         Total | 100.0 | 100.0 | 100.0 | 100.0 | 100.0 | 5494.8
       Dungeon |  55.5 |  55.3 |  71.4 |   0.0 |  49.9 | 4756.7
          Lair |  22.4 |  22.8 |   7.1 |   0.0 |  32.8 | 7813.2
   Spider Nest |   0.7 |   0.7 |   0.0 |   0.0 |   1.0 | 1459.0
  Orcish Mines |  19.8 |  19.6 |  21.4 | 100.0 |  13.3 | 9526.0
      Ice Cave |   1.5 |   1.5 |   0.0 |   0.0 |   2.3 | 3219.0
       Volcano |   0.1 |   0.1 |   0.0 |   0.0 |   0.6 | 905.0
               +-------+-------+-------+-------+-------+----------------------
